 Seeded DCSS version 0.30-a0-920-g7493c07aab (webtiles) character file.

Game seed: 3425090202442293766 (custom seed)

40113 bmack86 the Severer (level 13, -3/117 HPs)
             Began as a Minotaur Fighter on Mar 21, 2023.
             Was the Champion of Okawaru.
             Slain by a 14-headed hydra (9 damage)
             ... on level 4 of the Lair of Beasts.
             The game lasted 00:39:11 (13163 turns).

bmack86 the Severer (Minotaur Fighter)             Turns: 13163, Time: 00:39:12

Health: -3/117     AC: 32    Str: 27    XL:     13   Next: 72%
Magic:  18/18      EV:  8    Int: 15    God:    Okawaru [******]
Gold:   888        SH:  6    Dex:  9    Spells: 12/12 levels left

rFire   . . .      SeeInvis +    N - +0 broad axe (flame)
rCold   + . .      Faith    .    c - +0 buckler
rNeg    + . .      Spirit   .    z - +3 plate armour {rC+}
rPois   +          Reflect  .    b - +2 hood of the Assassin {Detect Stab+ Stlth++}
rElec   .          Rampage  .    R - +2 cloak {rCorr}
rCorr   +                        s - +2 pair of gloves
Will    .....                    j - +2 pair of boots Stlth
                                 J - amulet of regeneration
HPRegen 1.19/turn                f - ring of see invisible
MPRegen 0.16/turn                i - ring of Ephetug {Contam Fly rPois rN+ rCorr Int+10}

@: flying, studying 2 skills
A: horns 2, retaliatory headbutt
a: Renounce Religion, Heroism, Finesse, Duel


You were on level 4 of the Lair of Beasts.
You worshipped Okawaru.
Okawaru was exalted by your worship.
You visited 2 branches of the dungeon, and saw 14 of its levels.
You also visited: Bailey.

You collected 976 gold pieces.
You spent 88 gold pieces at shops.

Inventory:

Hand Weapons
 a - a +0 war axe
 h - a +4 vampiric broad axe
 N - a +0 broad axe of flaming (weapon)
Missiles
 t - 3 throwing nets
 w - 4 javelins
 F - a silver javelin
 G - 14 boomerangs (quivered)
 T - 7 curare-tipped darts
Armour
 b - the +2 hood of the Assassin (worn) {Detect Stab+ Stlth++}
   (You acquired it on level 7 of the Dungeon)

   Detect:    It allows the wearer to sense nearby creatures.
   Stab+:     It allows the wearer to make particularly effective stabbing
   attacks against helpless or unaware enemies with any weapon.
   Stlth:     It makes you much more stealthy.
 c - a +0 buckler (worn)
 j - a +2 pair of boots (worn)
 s - a +2 pair of gloves (worn)
 z - a +3 plate armour of cold resistance (worn)
 R - a +2 cloak of preservation (worn)
Jewellery
 f - a ring of see invisible (left hand)
 i - the ring of Ephetug (right hand) {Contam Fly rPois rN+ rCorr Int+10}
   (You acquired it on level 7 of the Dungeon)

   [ring of resist corrosion]

   Int:       It affects your intelligence (+10).
   rPois:     It protects you from poison.
   rN:        It protects you from negative energy.
   Fly:       It grants you flight.
   Contam:    It causes magical contamination when unequipped.
   rCorr:     It protects you from acid and corrosion.
 k - a ring of ice
 J - an amulet of regeneration (around neck)
 S - a ring of ice
Wands
 l - a wand of light (4)
 m - a wand of mindburst (10)
 o - a wand of polymorph (3)
 H - a wand of flame (12)
 P - a wand of iceblast (3)
Scrolls
 g - 4 scrolls of blinking
 r - 2 scrolls of magic mapping
 u - a scroll of fear
 x - 11 scrolls of teleportation {unknown}
 y - 4 scrolls of fog
 D - 3 scrolls of silence
Potions
 d - 2 potions of might
 e - 2 potions of invisibility
 n - 3 potions of resistance
 p - a potion of cancellation {unknown}
 q - 10 potions of curing
 v - 3 potions of brilliance
 A - 3 potions of haste
 B - a potion of flight {unknown}
 E - 2 potions of ambrosia
 O - 3 potions of magic


   Skills:
 + Level 11.7 Fighting
 * Level 15.7 Axes
 + Level 9.3 Throwing
 + Level 14.7 Armour
 + Level 11.7 Shields
 + Level 8.5 Invocations


You had 12 spell levels left.
You didn't know any spells.
Your spell library contained the following spells:

 Spells                   Type           Power      Damage    Failure   Level
 Foxfire                  Conj/Fire      0%         2x1d4     91%         1
 Blink                    Tloc           0%         N/A       97%         2
 Cigotuvi's Dreadful Rot  Necr/Pois/Air  0%         N/A       97%         2
 Poisonous Vapours        Pois/Air       0%         N/A       97%         2
 Sublimation of Blood     Necr           0%         N/A       97%         2
 Wereblood                Tmut           0%         N/A       97%         2
 Mephitic Cloud           Conj/Pois/Air  0%         N/A       99%         3
 Portal Projectile        Hex/Tloc       0%         N/A       99%         3
 Manifold Assault         Tloc           0%         N/A       100%        4
 Blade Hands              Tmut           0%         N/A       100%        5
 Fireball                 Conj/Fire      0%         3d3       100%        5
 Starburst                Conj/Fire      0%         6d3       100%        6
 Storm Form               Tmut/Air       0%         N/A       100%        7
 Tukima's Dance           Hex            Unusable   N/A       N/A         3
 Summon Hydra             Summ           Unusable   N/A       N/A         7

Dungeon Overview and Level Annotations

Branches:
Dungeon (10/15)            Temple (0/1) D:5            Lair (4/5) D:10
 Shoals (0/4) Lair:3        Snake (0/4) Lair:3          Orc (0/2) D:10
 Bailey (visited)
  Slime: Lair:4-5

Altars:
Elyvilon
Gozag
Nemelex Xobeh
Okawaru
Qazlal
Trog
Uskayaw
Wu Jian
Yredelemnul
Zin
The Shining One

Shops:
D:2 ?(   D:6 *=

Annotations:
D:9 2 transporters, Jackthecabe's ghost, novice OgFE


Innate Abilities, Weirdness & Mutations

You have a pair of horns on your head.
You reflexively headbutt those who attack you in melee.


Message History

* * * LOW HITPOINT WARNING * * *
The 15-headed hydra closely misses you.
You block the 15-headed hydra's attack. x2
The 15-headed hydra bites you but does no damage.
You chop one of the 15-headed hydra's heads off!
The flame cauterises the wound!
You slash the 14-headed hydra! You burn the 14-headed hydra.
The 14-headed hydra is almost dead.
You slash the yak! You burn the yak.
You kill the yak!
Okawaru accepts your kill. Okawaru grants you a weapon!
Something appears at your feet!
You see here a +3 hand axe of flaming.
You hit the yak but do no damage. You hit the yak. You burn the yak.
The yak gores you but does no damage.
The 14-headed hydra bites you but does no damage. x5
You block the 14-headed hydra's attack. The 14-headed hydra barely misses you.
The 14-headed hydra bites you but does no damage. x4
The 14-headed hydra barely misses you.
The 14-headed hydra bites you but does no damage.
You block the 14-headed hydra's attack. The yak gores you but does no damage.
Unknown command.
You feel much better. The yak gores you!
* * * LOW HITPOINT WARNING * * *
The yak closely misses you. The 14-headed hydra bites you!
* * * LOW HITPOINT WARNING * * *
The 14-headed hydra barely misses you. You block the 14-headed hydra's attack.
The 14-headed hydra completely misses you.
The 14-headed hydra barely misses you.
The 14-headed hydra bites you but does no damage. x3
The 14-headed hydra bites you!
* * * LOW HITPOINT WARNING * * *
You block the 14-headed hydra's attack.
The 14-headed hydra bites you but does no damage. x2
The 14-headed hydra barely misses you. x2
You feel better. You block the yak's attack.
The 14-headed hydra bites you but does no damage. x8
The 14-headed hydra bites you.
* * * LOW HITPOINT WARNING * * *
The 14-headed hydra bites you!
You die...

...#............#......
..............#....#....
............P.#.....#...
...........P.......#..#.
...........P............
...........#.......##...
P......†.#..............
......YDY†..............
......†@†#.......#!...>.
........................
.................#......
.#.........P....#.<#....#.
.....P............#.#.........
............##.P.#..##........
..............................
#...............~......~~........
..#.............~~....~~~........


You could see a 14-headed hydra and 2 yaks.

Vanquished Creatures
  2 vault guards (Bailey)
  5 hydras
  A catoblepas (Lair:2)
  3 death yaks (Lair:1)
  Sonja (Lair:3)
  Amaemon (Lair:1)
  2 skysharks
  Pikel (D:9)
  A lindwurm (Lair:4)
  An ugly thing (D:8)
  The ghost of AverageBear the Chopper, a novice OpCA of Gozag (D:6)
  21 elephants
  2 black mambas
  An orange demon (Lair:1)
  5 cane toads
  Psyche (D:9)
  8 komodo dragons
  A polar bear (Lair:4)
  Prince Ribbit (Bailey)
  A troll (D:10)
  Grinder (D:4)
  3 blink frogs (Lair:4)
  A hornet (D:8)
  4 dream sheep (Lair:3)
  Sigmund (D:3)
  3 wyverns
  45 yaks
  10 humans
  4 vampire mosquitoes (D:9)
  A steam dragon (D:8)
  3 basilisks
  3 nagas (Lair:3)
  2 wargs (D:10)
  An acid dragon (D:10)
  7 water moccasins
  2 ice beasts
  A sky beast (D:7)
  6 orc warriors
  3 black bears
  3 ogres
  6 wolves (Lair:1)
  4 centaurs
  3 lemures (D:9)
  2 kobold brigands
  A gnoll sergeant (D:6)
  3 scorpions
  15 bullfrogs
  An electric eel (Lair:3)
  3 howler monkeys (D:7)
  A crimson imp (D:4)
  11 hounds
  A jelly (D:6)
  10 orc priests
  Terence (D:3)
  2 iguanas (D:6)
  2 sleepcaps (D:6)
  6 orc wizards
  3 gnolls (D:6)
  6 adders
  A shadow imp (D:5)
  A worm (D:2)
  14 dart slugs
  41 orcs
  8 ball pythons
  7 bats
  5 endoplasms
  3 giant cockroaches
  12 goblins
  9 hobgoblins
  A jackal (D:7)
  11 kobolds
  A quokka (D:2)
  4 frilled lizards
  A goblin skeleton (D:4)
  A goblin zombie (D:4)
  A hobgoblin zombie (D:4)
  A kobold skeleton (D:4)
  2 kobold zombies (D:4)
  An orc skeleton (D:4)
  13 rats
383 creatures vanquished.

Vanquished Creatures (others)
  A bush (Lair:2)
  18 fungi
  20 plants
39 creatures vanquished.

Grand Total: 422 creatures vanquished

Notes
Turn   | Place    | Note
-------+----------+-------------------------------------------
     0 | D:1      | bmack86 the Minotaur Fighter began the quest for the Orb.
     0 | D:1      | Reached XP level 1. HP: 19/19 MP: 0/0
   158 | D:1      | Reached XP level 2. HP: 27/27 MP: 1/1
   165 | D:1      | Reached skill level 3 in Axes
   530 | D:1      | Found a faded altar of an unknown god.
   699 | D:2      | Reached XP level 3. HP: 33/33 MP: 2/2
   981 | D:2      | Found Nareh's Weapon Boutique.
  1009 | D:2      | Reached XP level 4. HP: 34/40 MP: 3/3
  1376 | D:2      | Found Lipoy's Magic Scroll Boutique.
  1380 | D:2      | Bought 2 scrolls of identify for 44 gold pieces
  1380 | D:2      | Bought a scroll of identify for 22 gold pieces
  1380 | D:2      | Bought a scroll of identify for 22 gold pieces
  1529 | D:2      | Identified 2 scrolls of acquirement
  1637 | D:3      | Reached skill level 4 in Axes
  1642 | D:3      | Reached skill level 1 in Throwing
  1850 | D:3      | Noticed Sigmund
  1870 | D:3      | Killed Sigmund
  1871 | D:3      | Reached skill level 5 in Axes
  1871 | D:3      | Reached XP level 5. HP: 47/47 MP: 4/4
  1871 | D:3      | Reached XP level 6. HP: 53/53 MP: 5/5
  1996 | D:3      | Noticed Terence
  2003 | D:3      | Killed Terence
  2635 | D:4      | Noticed Grinder
  2645 | D:4      | Paralysed by Grinder for 2 turns
  2652 | D:4      | Paralysed by Grinder for 5 turns
  2657 | D:4      | Killed Grinder
  2658 | D:4      | Reached skill level 5 in Fighting
  2658 | D:4      | Reached skill level 5 in Armour
  2658 | D:4      | Reached skill level 5 in Shields
  2658 | D:4      | Reached XP level 7. HP: 31/61 MP: 3/6
  3028 | D:4      | Reached skill level 6 in Axes
  3099 | D:4      | Found a glowing golden altar of the Shining One.
  3298 | D:4      | Found a white marble altar of Elyvilon.
  3298 | D:4      | Found a basalt altar of Yredelemnul.
  3299 | D:4      | Found an ornate altar of the Wu Jian Council.
  3989 | D:5      | Entered Level 5 of the Dungeon
  4049 | D:5      | Found a staircase to the Ecumenical Temple.
  4101 | D:5      | Found an iron altar of Okawaru.
  4107 | D:5      | Reached XP level 8. HP: 58/70 MP: 7/7
  4122 | D:5      | Became a worshipper of Warmaster Okawaru
  4255 | D:5      | Identified the +2 robe of a Hundred Friends {rElec Str+4
                  | Int-5 Slay+3}
  4503 | D:5      | Reached skill level 7 in Axes
  4725 | D:6      | Reached skill level 1 in Invocations
  4842 | D:6      | Found a bloodstained altar of Trog.
  5118 | D:6      | Found Kausagei's Jewellery Shop.
  5131 | D:6      | Found Xyeg's General Store.
  5374 | D:6      | Found a glowing silver altar of Zin.
  5414 | D:6      | Found a runed translucent gate.
  5414 | D:6      | Noticed AverageBear's ghost (novice OpCA)
  5415 | D:6      | Found a runed translucent gate.
  5416 | D:6      | Found a runed translucent gate.
  5432 | D:6      | Reached * piety under Okawaru
  5534 | D:6      | Killed AverageBear's ghost
  5535 | D:6      | Reached skill level 8 in Axes
  5535 | D:6      | Reached XP level 9. HP: 68/78 MP: 6/9
  5979 | D:6      | Reached skill level 9 in Axes
  6016 | D:7      | Reached ** piety under Okawaru
  6110 | D:7      | Acquired the +2 hood of the Assassin {Detect Stab+ Stlth++}
  6110 | D:7      | Found the +2 hood of the Assassin {Detect Stab+ Stlth++}
  6117 | D:7      | Acquired a +2 vampiric broad axe
  6119 | D:7      | Acquired the ring of Ephetug {Contam Fly rPois rN+ rCorr
                  | Int+10}
  6121 | D:7      | Acquired a manual of Armour
  6666 | D:7      | Reached skill level 5 in Throwing
  6691 | D:7      | Reached XP level 10. HP: 77/88 MP: 7/11
  6696 | D:7      | Reached skill level 10 in Axes
  6714 | D:7      | Reached *** piety under Okawaru
  6911 | D:8      | Found a hide-covered altar of Uskayaw.
  7058 | D:8      | Reached **** piety under Okawaru
  7277 | D:8      | Noticed a purple ugly thing
  7287 | D:8      | Killed a purple ugly thing
  7288 | D:8      | Reached skill level 11 in Axes
  7615 | D:9      | Noticed Psyche
  7628 | D:9      | Killed Psyche
  7629 | D:9      | Reached skill level 5 in Invocations
  7815 | D:9      | Noticed Jackthecabe's ghost (novice OgFE)
  7816 | D:9      | Noticed a moth of wrath
  7826 | D:9      | Found a transporter.
  7937 | D:9      | Found a stormy altar of Qazlal.
  8117 | D:9      | Noticed Pikel
  8134 | D:9      | Killed Pikel
  8134 | D:9      | Received a gift from Okawaru
  8186 | D:9      | Reached skill level 10 in Armour
  8186 | D:9      | Reached XP level 11. HP: 95/95 MP: 11/13
  8383 | D:9      | Reached ***** piety under Okawaru
  8455 | D:9      | Found a transporter.
  8526 | D:10     | Entered Level 10 of the Dungeon
  8656 | D:10     | Reached skill level 12 in Axes
  8667 | D:10     | Found a flagged portal.
  8697 | Bailey   | Entered a bailey
  8706 | Bailey   | Received a gift from Okawaru
  8837 | Bailey   | Noticed a vault guard
  8845 | Bailey   | Killed a vault guard
  8858 | Bailey   | Noticed Prince Ribbit
  8858 | Bailey   | Noticed a vault guard
  8869 | Bailey   | Killed a vault guard
  8869 | Bailey   | Received a gift from Okawaru
  8883 | Bailey   | Killed Prince Ribbit
  9030 | D:10     | Found a staircase to the Orcish Mines.
  9054 | D:10     | Found a staircase to the Lair.
  9528 | D:10     | Found an opulent altar of Gozag.
  9529 | D:10     | Found a sparkling altar of Nemelex Xobeh.
  9567 | Lair:1   | Entered Level 1 of the Lair of Beasts
  9611 | Lair:1   | Received a gift from Okawaru
  9616 | Lair:1   | Noticed a death yak
  9617 | Lair:1   | Noticed a death yak
  9617 | Lair:1   | Noticed a death yak
  9626 | Lair:1   | Killed a death yak
  9629 | Lair:1   | Killed a death yak
  9630 | Lair:1   | Reached skill level 13 in Axes
  9632 | Lair:1   | Killed a death yak
  9632 | Lair:1   | Received a gift from Okawaru
  9633 | Lair:1   | Reached XP level 12. HP: 106/106 MP: 13/15
  9678 | Lair:1   | Reached skill level 10 in Fighting
  9782 | Lair:1   | Received a gift from Okawaru
  9830 | Lair:1   | Reached skill level 10 in Shields
  9908 | Lair:1   | Noticed Amaemon
  9924 | Lair:1   | Killed Amaemon
  9924 | Lair:1   | Received a gift from Okawaru
 10632 | Lair:2   | Noticed an eight-headed hydra
 10645 | Lair:2   | Killed a three-headed hydra
 10647 | Lair:2   | Identified the +5 ring mail of Rasameq {+Blink Int+3}
                  | (Okawaru gifted it to you on level 2 of the Lair of Beasts)
 10647 | Lair:2   | Received a gift from Okawaru
 10653 | Lair:2   | Reached ****** piety under Okawaru
 10789 | Lair:2   | Reached skill level 14 in Axes
 10919 | Lair:2   | Noticed a catoblepas
 10967 | Lair:2   | Killed a catoblepas
 11015 | Lair:2   | Noticed a seven-headed hydra
 11023 | Lair:2   | Killed a two-headed hydra
 11127 | Lair:2   | Received a gift from Okawaru
 11171 | Lair:2   | Reached XP level 13. HP: 116/116 MP: 17/17
 11617 | Lair:3   | Found a staircase to the Snake Pit.
 11725 | Lair:3   | Noticed Sonja
 11767 | Lair:3   | Killed Sonja
 12049 | Lair:3   | Reached skill level 15 in Axes
 12201 | Lair:3   | Found a staircase to the Shoals.
 12298 | Lair:3   | Received a gift from Okawaru
 12620 | Lair:4   | Received a gift from Okawaru
 13160 | Lair:4   | HP: 5/117 [15-headed hydra (9)]
 13161 | Lair:4   | Received a gift from Okawaru
 13162 | Lair:4   | HP: 2/117 [14-headed hydra (12)]
 13163 | Lair:4   | Slain by a 14-headed hydra

Illustrated notes

Levels and vault maps discovered:
D:1:      minmay_arrival_loop, layout_basic, ebering_ecumenical_altar_webs,
          moated_statue, minmay_tetromino_s2
D:2:      minmay_angry_zag, layout_basic, serial_shops,
          nicolae_shop_behind_doors, nicolae_shop_bloodbath_and_beyond,
          minmay_cut_off
D:3:      kennysheep_slugbush, layout_basic, uniq_sigmund, uniq_terence
D:4:      layout_layer_cave, gammafunk_temple_overflow_claw,
          nicolae_tso_besieged_by_evil, minivault_24, uniq_grinder
D:5:      layout_loops_ring, mainiacjoe_overflow_small_starburst,
          minmay_temple_entry_grid, minmay_misc_feat_square
D:6:      cheibrodos_iron_armory, layout_basic, bloody_trog, marbit_many_paths,
          serial_shops, shop, shop, biasface_ghost_orc_armoury,
          minmay_manual_mares
D:7:      erik_cavepeople, layout_basic
D:8:      layout_gridville, nicolae_uskayaw_dance_hall
D:9:      layout_loops_corners, grunt_qazlal_clouds,
          gammafunk_ghost_berserking_beasts, uniq_psyche, uniq_pikel
D:10:     layout_loops_ring, grunt_temple_overflow_opulence,
          erik_lair_orcish_takeover, orc_0_dummy, enter_bailey_5
Lair:1:   layout_cave_pods, nicolae_quartered_pool_little, grunt_megastairs_3,
          uniq_amaemon, uniq_urug
Lair:2:   layout_roguey, infiniplex_staircase_pool_2
Lair:3:   layout_cave_pods, elwin_shoals_entry_rooms,
          guppyfry_snake_entry_island, uniq_sonja
Lair:4:   layout_long_grid, lemuel_old_faithful

Skill      XL: |  1  2  3  4  5  6  7  8  9 10 11 12 13 |
---------------+----------------------------------------+-----
Axes           | 3 5 6 8 9 11 13 14 15 | 15.7
Fighting       | 4 5 6 7 8 9 11 | 11.7
Armour         | 4 5 6 8 10 11 13 14 | 14.7
Shields        | 4 5 6 7 8 9 10 11 | 11.7
Throwing       | 2 3 4 5 6 7 8 9 |  9.3
Invocations    | 2 3 5 6 7 8 |  8.5

Action                     |  1- 3 |  4- 6 |  7- 9 | 10-12 | 13-15 || total
---------------------------+-------+-------+-------+-------+-------++-------
  Melee: War axe           |   102 |   100 |   191 |       |       ||   393
         Headbutt          |    12 |     9 |    51 |    95 |    50 ||   217
         Broad axe         |       |       |    52 |   478 |   174 ||   704
  Throw: Dart              |       |     3 |       |       |       ||     3
         Throwing net      |       |     1 |       |       |       ||     1
         Javelin           |       |     3 |       |     2 |       ||     5
         Boomerang         |       |       |     3 |    70 |    41 ||   114
 Invoke: Heroism           |       |       |     2 |     3 |       ||     5
         Finesse           |       |       |       |     1 |       ||     1
    Use: Scroll            |       |     8 |    18 |     9 |     3 ||    38
         Potion            |       |       |     2 |       |     3 ||     5
 Armour: Scale mail        |    17 |       |       |       |       ||    17
         Chain mail        |    49 |    58 |   124 |       |       ||   231
         Plate armour      |       |       |    44 |   485 |   301 ||   830
  Dodge: Dodged            |    57 |    53 |    90 |   180 |   130 ||   510
  Block: Buckler           |    35 |    23 |    73 |   170 |    87 ||   388

Table legend: (Time is in decaauts)
 A = Elapsed time spent in this place.
 B = Non-inter-level travel time spent in this place.
 C = Inter-level travel time spent in this place.
 D = Time resting spent in this place.
 E = Time spent auto-exploring this place.
 F = Levels seen in this place.
 G = Mean time per level.
                   A        B        C        D        E       F      G
               +--------+--------+--------+--------+--------+-----+--------+
         Total |  13265 |  12910 |    355 |    309 |   8709 |  15 |  884.3 |
       Dungeon |   9424 |   9132 |    292 |    309 |   6212 |  10 |  942.4 |
          Lair |   3559 |   3496 |     63 |      0 |   2447 |   4 |  889.8 |
        Bailey |    280 |    280 |      0 |      0 |     50 |   1 |  280.0 |
               +--------+--------+--------+--------+--------+-----+--------+

Top non-repeatable levels by time:
     D:6: 1311 daAuts
     D:4: 1276 daAuts
     D:3: 1149 daAuts
  Lair:3: 1080 daAuts
     D:2: 1030 daAuts
  Lair:1: 1015 daAuts
     D:9: 956 daAuts
  Lair:2: 931 daAuts
     D:7: 904 daAuts
    D:10: 753 daAuts
     D:5: 722 daAuts
     D:8: 675 daAuts
     D:1: 644 daAuts
  Lair:4: 533 daAuts
  Bailey: 280 daAuts
